 Dungeon Crawl Stone Soup version 0.18-a0-514-ga7d9996 (webtiles) character file.

137709 Mindmaker the Spear-Bearer (level 16, -11/152 HPs)
             Began as a Deep Dwarf Fighter on Dec 3, 2015.
             Was the Champion of Makhleb.
             Blown up by an orb spider (36 damage)
             ... with an orb of destruction
             ... on level 1 of the Spider Nest.
             The game lasted 02:24:45 (23884 turns).

Mindmaker the Spear-Bearer (Deep Dwarf Fighter)    Turns: 23884, Time: 02:24:45

Health: -11/152    AC: 18    Str: 19    XL:     16   Next: 39%
Magic:  29/29      EV: 21    Int: 12    God:    Makhleb [******]
Gold:   2053       SH: 10    Dex: 21    Spells: 0 memorised, 15 levels left

rFire  + + .     SeeInvis .     D - +8 trident "Nyut" {pierce, MP+9 Dex+4}
rCold  + . .     Clarity  .     P - +3 scale mail {rF+}
rNeg   + . .     SustAt   .     Z - +2 buckler
rPois  +         Gourm    .     T - +1 helmet
rElec  .         Spirit   .     Q - +2 cloak {rF+}
rCorr  .         Dismiss  .     (no gloves)
rMut   .         Stasis   .     (no boots)
MR     ++...                    G - amulet of faith
Stlth  ..........               I - ring of protection from cold
                                M - ring of poison resistance

@: non-regenerating, very resistant to hostile enchantments, extremely
unstealthy
A: damage resistance, recharge devices, negative energy resistance 1, sense
surroundings 2, slow regeneration 3
a: Device Recharging, Minor Destruction, Lesser Servant of Makhleb, Major
Destruction, Greater Servant of Makhleb, Renounce Religion
}: 1/15 runes: decaying


You were on level 1 of the Spider Nest.
You worshipped Makhleb.
Makhleb was exalted by your worship.
You were hungry.

You visited 5 branches of the dungeon, and saw 25 of its levels.
You also visited: Ice Cave and Volcano.

You collected 2053 gold pieces.

Inventory:

Hand Weapons
 D - the +8 trident "Nyut" (weapon) {pierce, MP+9 Dex+4}
   (You found it on level 5 of the Dungeon)

   It inflicts extra damage upon your enemies.
   It affects your dexterity (+4).
   It affects your magic capacity (+9).
Missiles
 k - 29 tomahawks
 p - 4 silver javelins
 y - 3 javelins
 S - 6 javelins of returning (quivered)
Armour
 d - the +1 ring mail of Trial and Error {rC+}
   (You found it on level 10 of the Dungeon)

   It protects you from cold.
 H - a +1 chain mail of positive energy
 P - a +3 scale mail of fire resistance (worn)
 Q - a +2 cloak of fire resistance (worn)
 T - a +1 helmet (worn)
 Z - a +2 buckler (worn)
Jewellery
 b - an uncursed ring of protection from magic
 j - an uncursed ring of sustain attributes
 t - an uncursed ring of flight
 z - an uncursed ring of protection from fire
 G - an amulet of faith (around neck)
 I - a ring of protection from cold (right hand)
 L - an uncursed ring of positive energy
 M - a ring of poison resistance (left hand)
Wands
 e - a wand of heal wounds (0)
 n - a wand of invisibility (4)
 x - a wand of teleportation (4)
 B - a wand of hasting (0)
Scrolls
 a - a scroll of blinking
 c - a scroll of silence
 i - a scroll of identify
 m - 7 scrolls of remove curse
 E - a scroll of holy word
 F - 2 scrolls of fog
 K - 5 scrolls of teleportation
 U - 2 scrolls of magic mapping
 Y - a scroll of fear
Potions
 l - 9 potions of curing
 o - 2 potions of agility
 r - 3 potions of cancellation
 v - 3 potions of resistance
 w - 2 potions of invisibility
 C - 3 potions of haste
 N - 5 potions of flight
 R - 3 potions of brilliance
Comestibles
 f - 14 bread rations
 g - 11 meat rations
 h - 7 beef jerkies
 s - a slice of pizza
 A - 10 fruits
 J - 19 royal jellies


   Skills:
 + Level 12.2 Fighting
   Level 5.0(11.8) Axes
 - Level 13.8(14.0) Polearms
 - Level 13.0 Armour
 - Level 13.0 Dodging
 - Level 13.2 Shields
 - Level 11.0 Invocations


You had 15 spell levels left.
You didn't know any spells.

Dungeon Overview and Level Annotations

Branches:
Dungeon (10/15)            Temple (1/1) D:6            Lair (8/8) D:8
  Swamp (4/4) Lair:5       Spider (2/4) Lair:5        Slime (0/6) Lair:8
    Orc: D:9-12

Altars:
Ashenzari
Cheibriados
Dithmenos
Elyvilon
Fedhas
Gozag
Kikubaaqudgha
Makhleb
Nemelex Xobeh
Okawaru
Qazlal
Ru
Sif Muna
Trog
Vehumet
Xom
Yredelemnul
Zin
The Shining One

Annotations:
D:1 1 runed door
Lair:1 exclusion: oklob plant
Lair:3 beehive
Lair:8 artifact, exclusion: 2 oklob plants
Spider:2 Frances


Innate Abilities, Weirdness & Mutations

You are resistant to damage.
You can recharge devices by infusing magical energy.
You resist negative energy.
You passively map the area around you.
You do not regenerate naturally.


Message History

Press: ? - help, Shift-Dir - straight line, f/p - orb spider
Aim: an orb spider (heavily wounded)
The sticky flame hits the orb spider.
The orb spider is severely wounded.
The orb spider is covered in liquid flames!
You feel somewhat more hungry.
The orb spider burns!
You don't have enough health at the moment.
Okay, then.
Drink which item? (? for menu, Esc to quit)
You feel much better.
The orb spider burns!
A demon appears!
You feel slightly more hungry.
The orb spider burns!
The orb spider pulsates with a strange energy.
The orb spider weaves a glowing orb of energy.
An orb of destruction comes into view.
The orb spider burns!
You kill the orb spider!
Makhleb accepts your kill.
You feel better. The orb of destruction hits you!
You die...

.............................≈≈##
..#%..............#.........≈#≈≈#
..#.....†......................≈#
.......%.......s...............##
............^...§............#.##
...............§....#........#..#
..?%...........§.............:.#.
...............§3.......#.......#
#.#.............@#....#^........#
...............................##
..............#........#.....###
†.................[.....≈#...#
.....#......#.......###≈≈≈≈###
.....#............#.......##
.....#......^............†.#
...........>............#.##
#............†.......^#≈.##


You could see an orb spider and a friendly ynoxinul.

Vanquished Creatures
  Nikola (Swamp:2)
  Rupert (Lair:7)
  A thorn hunter (Swamp:3)
  Kirke (Swamp:1)
  A frost giant (IceCv)
  The ghost of Ordine the Severer, a journeyman FoFi of Okawaru (Lair:7)
  4 dire elephants (Lair:8)
  Josephine (Lair:5)
  Erolcha (D:9)
  An entropy weaver (Spider:1)
  17 hydras
  2 ghost crabs (Swamp:4)
  An ice dragon (Lair:5)
  6 alligators
  A catoblepas (Lair:6)
  An anaconda (Lair:8)
  3 death yaks (IceCv)
  12 swamp dragons
  A spriggan druid (Swamp:4)
  A necromancer (Lair:2)
  Pikel (D:7)
  A shambling mangrove (Swamp:2)
  A lindwurm (Lair:7)
  A hill giant (D:9)
  2 orb spiders (Spider:1)
  10 wolf spiders
  2 griffons
  A moth of wrath (Spider:1)
  A hornet (Swamp:3)
  9 elephants
  An ice statue (IceCv)
  3 black mambas
  2 torpor snails
  Psyche (D:9)
  A gargoyle (Volcano)
  25 spiny frogs
  An efreet (Volcano)
  5 fire drakes
  5 komodo dragons
  4 demonic crawlers (Spider:1)
  2 queen bees
  16 jumping spiders
  36 blink frogs
  15 polar bears
  2 boulder beetles
  8 giant leeches
  9 bog bodies
  17 redbacks
  4 trapdoor spiders (Spider:1)
  2 shadows
  6 wraiths
  5 tarantellas (Spider:1)
  3 hogs (Swamp:1)
  7 spriggans
  4 basilisks
  A wyvern (D:8)
  35 yaks
  19 vampire mosquitoes
  A fire elemental (Volcano)
  3 hippogriffs
  35 wolves
  15 swamp worms
  2 sky beasts
  7 swamp drakes
  9 porcupines
  2 ice beasts (D:8)
  9 water moccasins
  4 black bears
  11 wasps
  A necrophage (D:9)
  3 phantoms
  2 orc warriors
  11 crocodiles
  A centaur (D:5)
  4 ogres
  Blork the orc (D:6)
  A gnoll sergeant (D:6)
  15 giant frogs
  3 scorpions
  5 wights (D:8)
  42 killer bees
  An electric eel (Lair:1)
  6 orc priests
  A crimson imp (D:9)
  A centaur skeleton (D:9)
  5 jellies
  7 iguanas
  7 orc wizards
  Crazy Yiuf (D:7)
  2 hounds
  2 hell rats (Lair:2)
  2 worker ants
  A yak simulacrum (Lair:2)
  22 sheep
  3 polar bear simulacra (Lair:2)
  4 wolf simulacra (Lair:2)
  A killer bee zombie (D:8)
  A hound zombie (D:7)
  4 worker ant zombies
  12 gnolls
  11 adders
  50 river rats
  2 shadow imps
  12 white imps (Lair:3)
  2 adder skeletons
  5 worms
  29 orcs
  3 ball pythons
  13 bats
  4 giant cockroaches
  11 hobgoblins
  5 jackals
  9 kobolds
  4 quokkas
  6 giant geckos
  7 giant newts
  8 goblins
  A quokka skeleton (D:7)
  7 rats
  3 river rat simulacra (Lair:2)
  A fire vortex (Volcano)
  A plant (Lair:8)
790 creatures vanquished.

Vanquished Creatures (collateral kills)
  A thorn hunter (Swamp:3)
  An emperor scorpion (Spider:1)
  Aizul (Swamp:3)
  Louise (Swamp:4)
  4 hydras (Swamp:4)
  An alligator (Swamp:3)
  A spriggan (Swamp:3)
  A spriggan druid (Swamp:3)
  3 swamp dragons
  A wolf spider (Spider:1)
  An orb spider (Spider:1)
  A spiny frog (Swamp:3)
  A demonic crawler (Spider:1)
  A jumping spider (Spider:1)
  A giant leech (Swamp:3)
  3 blink frogs (Swamp:3)
  2 bog bodies
  A tarantella (Spider:1)
  4 redbacks (Spider:1)
  A trapdoor spider (Spider:1)
  3 swamp worms (Swamp:3)
  2 wasps (Swamp:3)
  4 swamp drakes
  A killer bee (D:9)
41 creatures vanquished.

Vanquished Creatures (others)
  A demonic crawler (Spider:1)
  A polar bear (IceCv)
  A vampire mosquito (Swamp:2)
  2 humans (Swamp:1)
  A wolf (IceCv)
  A jackal skeleton (D:7)
  8 fungi
  12 plants
27 creatures vanquished.

Grand Total: 858 creatures vanquished

Notes
Turn   | Place    | Note
--------------------------------------------------------------
     0 | D:1      | Mindmaker the Deep Dwarf Fighter began the quest for the Orb.
     0 | D:1      | Reached XP level 1. HP: 20/20 MP: 1/1
     2 | D:1      | Found a runed door.
    76 | D:1      | Reached XP level 2. HP: 24/27 MP: 2/2
   905 | D:1      | Reached XP level 3. HP: 26/34 MP: 3/3
  1012 | D:2      | Reached skill level 4 in Axes
  1277 | D:2      | Reached XP level 4. HP: 30/42 MP: 4/4
  1392 | D:2      | Found a sparkling altar of Nemelex Xobeh.
  1452 | D:2      | Found a radiant altar of Vehumet.
  1453 | D:2      | Found a deep blue altar of Sif Muna.
  1803 | D:3      | Reached skill level 5 in Axes
  2277 | D:4      | Reached XP level 5. HP: 18/49 MP: 5/5
  2307 | D:4      | Found a bloodstained altar of Trog.
  2308 | D:4      | Found an iron altar of Okawaru.
  2482 | D:4      | Reached XP level 6. HP: 44/56 MP: 6/6
  2847 | D:5      | Entered Level 5 of the Dungeon
  2959 | D:5      | Reached skill level 5 in Dodging
  3152 | D:5      | Got a transparent trident
  3153 | D:5      | Identified the +8 trident "Nyut" {pierce, MP+9 Dex+4} (You found it on level 5 of the Dungeon)
  3178 | D:5      | Reached skill level 1 in Polearms
  3178 | D:5      | Reached XP level 7. HP: 33/62 MP: 7/7
  3804 | D:6      | Found a staircase to the Ecumenical Temple.
  3813 | Temple   | Entered the Ecumenical Temple
  4291 | D:6      | Found an iron altar of Okawaru.
  4299 | D:6      | Noticed Blork the orc
  4324 | D:6      | Killed Blork the orc
  4333 | D:6      | Found a glowing golden altar of the Shining One.
  4367 | D:6      | Found an ancient bone altar of Kikubaaqudgha.
  4367 | D:6      | Found a snail-covered altar of Cheibriados.
  4367 | D:6      | Found a burning altar of Makhleb.
  4368 | D:6      | Found a shattered altar of Ashenzari.
  4375 | D:6      | Became a worshipper of Makhleb the Destroyer
  4533 | D:6      | Reached skill level 5 in Armour
  4607 | D:6      | Found an opulent altar of Gozag.
  4630 | D:6      | Reached XP level 8. HP: 58/69 MP: 8/8
  5354 | D:7      | Reached * piety under Makhleb
  5399 | D:7      | Noticed Pikel
  5415 | D:7      | Killed Pikel
  5415 | D:7      | Reached skill level 6 in Fighting
  5590 | D:7      | Noticed Crazy Yiuf
  5595 | D:7      | Killed Crazy Yiuf
  5595 | D:7      | Reached skill level 5 in Polearms
  5859 | D:7      | Gained mutation: You passively map the area around you. [Deep Dwarf growth]
  5859 | D:7      | Reached XP level 9. HP: 52/85 MP: 9/9
  6031 | D:8      | Found a shimmering altar of Xom.
  6177 | D:8      | Reached ** piety under Makhleb
  6394 | D:8      | Reached skill level 7 in Polearms
  6590 | D:8      | Reached skill level 8 in Fighting
  6638 | D:8      | Reached *** piety under Makhleb
  6696 | D:8      | Noticed a komodo dragon
  6706 | D:8      | Killed a komodo dragon
  6742 | D:8      | Found a staircase to the Lair.
  6866 | D:8      | HP: 1/90 [orc warrior/glaive (8)]
  7269 | D:8      | Reached XP level 10. HP: 44/98 MP: 10/10
  7315 | Lair:1   | Entered Level 1 of the Lair of Beasts
  7485 | Lair:1   | Noticed a four-headed hydra
  7651 | D:9      | Noticed Psyche
  7662 | D:9      | Killed Psyche
  7662 | D:9      | Reached skill level 5 in Shields
  7759 | D:9      | Noticed Erolcha
  7844 | D:8      | Reached **** piety under Makhleb
  7905 | D:9      | Killed Erolcha
  8666 | D:10     | Entered Level 10 of the Dungeon
  8711 | D:10     | Reached ***** piety under Makhleb
  8742 | D:10     | Got a shimmering ring mail
  8753 | D:10     | Identified the cursed +1 ring mail of Trial and Error {rC+} (You found it on level 10 of the Dungeon)
  8799 | D:10     | Noticed a hill giant
  8880 | D:9      | Killed a hill giant
  8880 | D:9      | Reached XP level 11. HP: 39/104 MP: 10/10
  8966 | Lair:1   | Killed a four-headed hydra
  9332 | Lair:1   | Reached skill level 9 in Polearms
  9472 | Lair:1   | Found a blossoming altar of Fedhas.
 10514 | Lair:2   | Noticed a necromancer
 10545 | Lair:2   | Killed a necromancer
 10764 | Lair:2   | Identified a scroll of acquirement
 11044 | Lair:3   | Reached ****** piety under Makhleb
 11044 | Lair:3   | Reached XP level 12. HP: 102/114 MP: 10/10
 11148 | Lair:3   | Noticed a four-headed hydra
 11158 | Lair:3   | Killed a four-headed hydra
 11158 | Lair:3   | Reached skill level 10 in Polearms
 11419 | Lair:3   | Found a frozen archway.
 11434 | IceCv    | Entered an ice cave
 11473 | IceCv    | Reached skill level 11 in Polearms
 11792 | IceCv    | Reached skill level 10 in Shields
 11898 | IceCv    | Reached skill level 10 in Armour
 11976 | IceCv    | Reached skill level 10 in Dodging
 12049 | IceCv    | Noticed a frost giant
 12096 | IceCv    | Reached XP level 13. HP: 87/122 MP: 10/10
 12130 | IceCv    | Killed a frost giant
 12130 | IceCv    | Reached skill level 10 in Fighting
 13094 | Lair:4   | Found a dark tunnel.
 13102 | Volcano  | Entered a volcano
 13164 | Volcano  | Reached skill level 12 in Polearms
 14116 | Lair:5   | Noticed Josephine
 14129 | Lair:5   | Killed Josephine
 14252 | Lair:5   | Found a staircase to the Swamp.
 14322 | Lair:5   | Found a runed door.
 14431 | Lair:5   | Reached skill level 13 in Polearms
 15017 | Lair:5   | Found a hole to the Spider Nest.
 15634 | Lair:6   | Gained mutation: You resist negative energy. [Deep Dwarf growth]
 15634 | Lair:6   | Reached XP level 14. HP: 132/132 MP: 11/11
 15728 | Lair:6   | Identified a +0 rod of the swarm (11/11) (You found it on level 6 of the Lair of Beasts)
 16530 | Lair:7   | Noticed Rupert
 16549 | Lair:7   | Killed Rupert
 16675 | Lair:7   | Noticed Ordine's ghost (journeyman FoFi)
 16687 | Lair:7   | Killed Ordine's ghost
 17131 | Lair:8   | Entered Level 8 of the Lair of Beasts
 17643 | Lair:8   | Found a staircase to the Slime Pits.
 18647 | Swamp:1  | Entered Level 1 of the Swamp
 18810 | Swamp:1  | Got a slimy marble ring
 18812 | Swamp:1  | Identified the ring "Toniapp" {Ice Int+4} (You found it on level 1 of the Swamp)
 19243 | Swamp:1  | Reached XP level 15. HP: 114/141 MP: 11/11
 19285 | Swamp:1  | Reached skill level 1 in Invocations
 19472 | Swamp:2  | Noticed Kirke
 19507 | Swamp:1  | Killed Kirke
 19573 | Swamp:2  | Reached skill level 5 in Invocations
 19595 | Swamp:2  | Got a scintillating silver ring
 19597 | Swamp:2  | Identified the cursed ring of Otaa {AC-3 Slay+3} (You found it on level 2 of the Swamp)
 19885 | Swamp:2  | Noticed Nikola
 19913 | Swamp:2  | Killed Nikola
 20811 | Swamp:3  | Noticed a thorn hunter
 21110 | Swamp:3  | Killed a thorn hunter
 21110 | Swamp:3  | Reached skill level 10 in Invocations
 21277 | Swamp:3  | Noticed a thorn hunter
 21314 | Swamp:3  | Killed a thorn hunter
 21398 | Swamp:3  | Noticed Aizul
 21442 | Swamp:3  | Killed Aizul
 21595 | Swamp:4  | Entered Level 4 of the Swamp
 21832 | Swamp:4  | Noticed Louise
 22140 | Swamp:4  | Killed Louise
 22404 | Spider:1 | Entered Level 1 of the Spider Nest
 22444 | Spider:1 | Reached XP level 16. HP: 66/152 MP: 20/20
 22911 | Swamp:4  | Got a decaying rune of Zot
 23811 | Spider:2 | Noticed Frances
 23884 | Spider:1 | Blown up by an orb spider

Vault maps used:
D:1:      dpeg_arrival_caged_fury
D:2:      amethyst_overflow_temple_binary, nemelex_deck
D:4:      grunt_temple_overflow_bloody_war
D:5:      first_bread
D:6:      minitemple, grunt_gozag_statues, basic_altar, uniq_blork_the_orc
D:7:      uniq_crazy_yiuf_cottage, uniq_pikel
D:8:      xom_teletrap_fun, david_lair_shrubbed
D:9:      david_nohive_1, uniq_erolcha, uniq_psyche
D:10:     grunt_decor_mini_mirrors
Temple:   temple_island_7
Lair:1:   serial_forest, infiniplex_forest_clump_medium,
          infiniplex_forest_diagonal, infiniplex_forest_clump_medium,
          infiniplex_forest_clump_long, cheibrodos_lair_caveside_slide,
          tgw_fedhas, infiniplex_staircase_pool
Lair:2:   kennysheep_rathole, serial_bayou_pond_a, eino_house_with_fridge
Lair:3:   wad_woods_minihive, portal_ice_cave_entry_imps, serial_bayou_shore_a
Lair:4:   nicolae_volcano_entry_lava_flow
Lair:5:   dragon1_lemuel, swamp_mist_pool, nicolae_spider_entry_tight_spaces,
          special_room, pf_torpor_hydra, uniq_josephine
Lair:6:   bh_autumn_forest_stairs, grunt_megastairs_2
Lair:7:   uniq_rupert
Lair:8:   due_jungle_book, minmay_slime_entry_oklob_open, minivault_11
Swamp:1:  evilmike_swamp_ruin_rubble_1
Swamp:2:  hangedman_swamp_ruin_wall, infiniplex_staircase_pool_2, uniq_kirke,
          uniq_nikola
Swamp:3:  evilmike_swamp_ruin_house_3, uniq_aizul
Swamp:4:  swamp_alternative, uniq_louise
Spider:2: guppyfry_spider_mini_1, uniq_frances
IceCv:    ice_cave_caverns_02
Volcano:  volcano_overflow

Action                   |  1- 3 |  4- 6 |  7- 9 | 10-12 | 13-15 | 16-18 || total
-------------------------+-------+-------+-------+-------+-------+-------++-------
Melee: War axe           |   176 |   177 |       |       |       |       ||   353
       Trident           |       |     6 |   283 |   912 |  1893 |   354 ||  3448
Throw: Javelin           |       |    18 |    15 |    32 |       |       ||    65
       Tomahawk          |       |     7 |       |    13 |       |       ||    20
Invok: Minor Destruction |       |       |     4 |       |     1 |     4 ||     9
       Lesser Servant of |       |       |       |       |    21 |     5 ||    26
       Greater Servant o |       |       |       |       |     4 |     3 ||     7
       Major Destruction |       |       |       |       |       |     2 ||     2
 Abil: Device Recharging |       |       |       |     3 |     1 |       ||     4
Evoke: Wand              |     1 |     3 |     1 |    14 |    10 |       ||    29
  Use: Potion            |       |     1 |     8 |     2 |     8 |     1 ||    20
       Scroll            |       |       |    20 |    10 |    12 |     1 ||    43
 Stab: Distracted        |       |       |       |     2 |     5 |     6 ||    13
       Petrified         |       |       |       |       |     7 |       ||     7
       Petrifying        |       |       |       |       |     4 |       ||     4
       Confused          |       |       |       |       |     2 |       ||     2
  Eat: Chunk             |     2 |     6 |    14 |    17 |    37 |     2 ||    78
       Pizza             |       |       |       |       |     3 |       ||     3
       Fruit             |       |       |       |       |       |     3 ||     3
       Beef jerky        |       |       |       |       |       |     1 ||     1
